 Dungeon Crawl Stone Soup version 0.21-a0-632-g1e37ce5 (webtiles) character file.

92 Gaball the Cudgeler (level 4, -4/28 HPs)
             Began as a Gargoyle Fighter on Dec 27, 2017.
             Slain by an ogre
             ... wielding a +0 giant spiked club
              (22 damage)
             ... on level 2 of the Dungeon.
             The game lasted 00:02:42 (1272 turns).

Gaball the Cudgeler (Gargoyle Fighter)              Turns: 1272, Time: 00:02:43

Health: -4/28      AC: 11    Str: 25    XL:     4   Next: 60%
Magic:  4/4        EV:  8    Int:  9    God:
Gold:   88         SH:  9    Dex:  9    Spells: 3/3 levels left

rFire    . . .     SeeInvis .   a - +0 flail
rCold    . . .     Gourm    .   c - +0 shield
rNeg     + . .     Faith    .   b - +0 scale mail
rPois    ∞         Spirit   .   (no helmet)
rElec    +         Reflect  .   v - scarf {repulsion}
rCorr    .         Harm     .   r - +0 pair of gloves (curse)
MR       .....                  (no boots)
Stlth    ..........             (no amulet)
HPRegen  0.09/turn              (no ring)
MPRegen  0.09/turn              (no ring)

@: mighty, repel missiles
A: negative energy resistance 1, electricity resistance, unbreathing,
petrification resistance, rot immunity, AC +3
a: no special abilities


You were on level 2 of the Dungeon.
You were hungry.

You visited 1 branch of the dungeon, and saw 2 of its levels.

You collected 88 gold pieces.

Inventory:

Hand Weapons
 a - a +0 flail (weapon)
Armour
 b - a +0 scale mail (worn)
 c - a +0 shield (worn)
 r - a cursed +0 pair of gloves (worn)
 v - a scarf of repulsion (worn)
Jewellery
 p - an uncursed ring of protection from fire {unknown}
Scrolls
 e - a scroll of amnesia {unknown}
 k - 2 scrolls of remove curse {unknown}
 l - a scroll of teleportation {unknown}
 m - 4 scrolls of identify {unknown}
 n - 3 scrolls of enchant weapon {unknown}
 s - a scroll of noise {unknown}
 t - a scroll of immolation {unknown}
Potions
 g - a potion of curing {unknown}
 h - a potion of agility {unknown}
 i - a potion of flight {unknown}
 j - 2 potions of brilliance {unknown}
 o - a potion of degeneration {unknown}
 q - a potion of haste
 u - 2 potions of heal wounds {unknown}
Comestibles
 f - 6 rations


   Skills:
 - Level 3.2 Fighting
 + Level 4.3 Maces & Flails
 - Level 3.2 Armour
 + Level 1.1 Dodging
 - Level 3.2 Shields


You had 3 spell levels left.
You didn't know any spells.

Dungeon Overview and Level Annotations

Branches:
Dungeon (2/15)

Altars:


Innate Abilities, Weirdness & Mutations

You are resistant to torment.
Your stone body is resilient. (AC +3)
You are immune to poison.
You resist negative energy. (rN+)
You are resistant to electric shocks. (rElec)
You can survive without breathing.
You are immune to petrification.
You are immune to rotting.


Message History

You feel very mighty all of a sudden. The adder closely misses you.
You miss the adder.
The adder is moderately wounded.
The adder bites you. You block the adder's attack.
Your shield prevents you from hitting the adder.
The adder is moderately wounded.
The adder bites you. The adder bites you but does no damage.
You completely miss the adder.
The adder is moderately wounded.
The adder bites you but does no damage. x2
You sock the adder!
You kill the adder!
You barely miss the ogre.
The ogre hits you with a giant spiked club.
You thump the ogre!
The ogre is heavily wounded.
The ogre hits you with a giant spiked club!!
Ouch! That really hurt!
You die...

##### #...#
#############.#.#########
................@O.......
##########.##.#.##.#.##.#
##########.##.#.# .#
..............#.. ..
#..####....#..####.##
.#.# #..........#..
.#.####.......##.###
....))...........####
###.###....####......


You could see an ogre.

Vanquished Creatures
  5 adders (D:2)
  A worm (D:2)
  3 dart slugs
  A leopard gecko (D:2)
  5 bats
  4 giant cockroaches
  8 goblins
  3 hobgoblins
  2 ball pythons
  A frilled lizard (D:2)
  3 kobolds
  4 rats
40 creatures vanquished.

Notes
Turn   | Place    | Note
-------+----------+-------------------------------------------
     0 | D:1      | Gaball the Gargoyle Fighter began the quest for the Orb.
     0 | D:1      | Reached XP level 1. HP: 14/14 MP: 1/1
   129 | D:1      | Reached XP level 2. HP: 18/19 MP: 2/2
   224 | D:1      | Reached skill level 3 in Maces & Flails
   583 | D:2      | Reached XP level 3. HP: 17/23 MP: 3/3
   727 | D:2      | Reached skill level 1 in Dodging
   734 | D:2      | Reached XP level 4. HP: 23/28 MP: 4/4
   960 | D:2      | Reached skill level 4 in Maces & Flails
  1251 | D:2      | Noticed an ogre
  1272 | D:2      | Slain by an ogre

Vault maps used:
D:1:      kennysheep_arrival_forest, kennysheep_pointless_box,
          interstate_on_off, minmay_strange_pillars

Skill      XL: |  1  2  3  4 |
---------------+-------------+-----
Maces & Flails | 3 4 |  4.3
Dodging        | 1 |  1.1
Fighting       | |  3.2
Armour         | |  3.2
Shields        | |  3.2

Action                   |  1- 3 |  4- 6 || total
-------------------------+-------+-------++-------
Melee: Flail             |   103 |    71 ||   174
  Use: Potion            |       |     1 ||     1
  Eat: Chunk             |       |     1 ||     1
Armor: Scale mail        |    52 |    32 ||    84
Dodge: Dodged            |    30 |    28 ||    58
Block: Shield            |    60 |    44 ||   104

Table legend:
 A = Spawn XP
 B = Non-spawn XP
 C = Spawn XP percentage of total XP
 D = Spawn monster count
 E = Non-spawn monster count
 F = Spawn count percentage of total count
 G = Total turns spent on level
                    A         B        C        D         E        F      G
               +---------+---------+-------+---------+---------+-------+---------
         Total |       0 |     132 |   0.0 |       0 |      40 |   0.0 |  1272
               +---------+---------+-------+---------+---------+-------+---------
           D:1 |       0 |      31 |   0.0 |       0 |      16 |   0.0 |   542
           D:2 |       0 |     101 |   0.0 |       0 |      24 |   0.0 |   730
               +---------+---------+-------+---------+---------+-------+---------
